nyob, chaotic male human Barbarian . .--- ...| .|.| |.| ----------- |)--- |.........| |...| |.........| ---@--- |....<%...| |.u.| -.----|.....[...| |.-.| ..|...|.........| |...| |.|.|.----------------|...|. |...|...|.............|..... -----.|.---.---------.|...---.| ..|.......|.......... |...| -----.-----.|.|?..{.-.---.|.| |.....| |.....|...........|.| ------- --------------------- nyob the Bandit Experience level: 9 Strength: 18/02 Dexterity: 16 Constitution: 18 Intelligence: 8 Wisdom: 7 Charisma: 7 Health: 0(99) Energy: 29(29) Def: 8 Gold: 324 Moves: 5983 Dungeon seed: WRaWC-H3ROL1EcHl Game ID: nyob_1521231834 Your Inventory: Coins $ - 324 gold pieces Amulets P - an uncursed amulet of ESP (being worn) Weapons c - 3 cursed -1 daggers s - a +0 axe (weapon in hand) T - 6 +0 daggers (in quiver) Armor e - an uncursed +0 ring mail (being worn) y - an uncursed burnt +1 dwarvish cloak (being worn) z - a cursed -1 dwarvish iron helm D - an uncursed +0 pair of iron shoes (being worn) N - an uncursed +0 dwarvish roundshield (being worn) Y - an uncursed -3 pair of levitation boots Comestibles i - 2 uncursed slime molds Scrolls p - a blessed scroll of punishment Spellbooks u - an uncursed spellbook of charm monster Rings a - an uncursed ring of conflict J - an uncursed ring of protection from shape changers U - a cursed ring of teleportation Z - an uncursed ring of sustain ability Wands j - a wand of striking (0:0) k - a wand of make invisible named Invisibility (0:7) H - a wand of digging (0:3) I - a wand of magic missile (0:0) W - a wand of polymorph named polymorth (0:3) Tools w - an uncursed lock pick x - an uncursed partly used wax candle (0:151) F - 13 uncursed wax candles (0:400) Q - a +0 pick-axe S - an uncursed blindfold X - an uncursed lock pick Gems b - an uncursed worthless piece of yellowish brown glass h - an uncursed worthless piece of white glass n - 2 uncursed worthless pieces of orange glass q - an uncursed jasper stone r - 3 uncursed worthless pieces of yellow glass t - an uncursed worthless piece of black glass v - 3 uncursed worthless pieces of blue glass B - 2 uncursed amethyst stones E - 3 uncursed worthless pieces of red glass K - an uncursed amber stone L - an uncursed emerald M - an uncursed worthless piece of green glass R - 3 uncursed worthless pieces of violet glass Spells and supernatural/magical abilities: Name Level Category Fail Memory W - pray for help -- divine ? -- Your skills at the end: Fighting Skills bare handed combat [Basic] Weapon Skills dagger [Basic] axe [Expert] short sword [Basic] Spellcasting Skills Final Attributes: You were piously aligned. You were poison resistant. You were telepathic. You were fast. You are dead. Vanquished creatures: a vampire a small mimic an ettin mummy a flaming sphere a shocking sphere a tengu a succubus a chameleon a crocodile a giant beetle a lynx an iron piercer 3 giant spiders a vampire bat 4 gnome kings a dwarf mummy a rust monster a gold golem a jaguar a blue jelly 2 dust vortices a snake 3 human zombies a bugbear a quasit a wood nymph a fog cloud a shrieker a violet fungus 14 gnome lords 4 gnomish wizards a black naga hatchling a straw golem 2 giant ants 2 little dogs 2 kittens 12 dwarves 6 hill orcs 2 giant bats 2 monkeys an orc zombie a dwarf zombie a wererat 8 killer bees a gas spore 4 hobbits a large kobold a giant rat 2 yellow molds a red mold 52 gnomes 4 jackals a fox 3 sewer rats 2 grid bugs 4 bats 7 lichens a kobold zombie 5 newts 185 creatures vanquished. Voluntary challenges: You had followed a strict vegetarian diet until turn 2716. You had been an atheist until turn 3270. You used a wielded weapon 286 times, starting on turn 179. You read items or engraved 10 times, starting on turn 809. You never genocided any monsters. You never polymorphed an object. You changed form 1 time, starting on turn 164. You used no wishes. You never split a pudding. You never wrote Elbereth's name. You never violated your personal moral code. Dungeon overview: The Dungeons of Doom: levels 1 to 3 Level 1 a fountain, a sink a long staircase Level 2 an armor shop Level 3 some fountains stairs to The Gnomish Mines The Gnomish Mines: levels 4 to 11 Level 4 stairs to The Dungeons of Doom Level 5 Level 6 Level 7 some shops, a temple to Mitra, some fountains Level 8 Level 9 Level 10 Level 11 <- You were here a fountain History has recorded: On T:1 you entered the Dungeons of Doom to retrieve the Amulet of Yendor! On T:397 you reached level 2 of The Dungeons of Doom. On T:733 you reached level 3 of The Dungeons of Doom. On T:737 you advanced to experience level 2. On T:1005 you reached level 1 of The Gnomish Mines. On T:1055 you advanced to experience level 3. On T:1172 you advanced to experience level 4. On T:1576 you reached level 2 of The Gnomish Mines. On T:1588 you advanced to experience level 5. On T:1735 you reached level 3 of The Gnomish Mines. On T:1862 you advanced to experience level 6. On T:2133 you reached level 4 of The Gnomish Mines. On T:2885 you advanced to experience level 7. On T:3290 you reached level 5 of The Gnomish Mines. On T:3626 you reached level 6 of The Gnomish Mines. On T:3810 you advanced to experience level 8. On T:3924 you reached level 7 of The Gnomish Mines. On T:4179 you reached level 8 of The Gnomish Mines. On T:5449 you advanced to experience level 9. Score breakdown: Gold: 324 ( 8544 points) Experience: 9 levels (15756 points) Exploration: 11 levels ( 23.91%) (14142 points) Discoveries: 20 items ( 8.13%) ( 8553 points) Valuables value: (no points given unless you survive) Artifact value: 0 ( 0 points) Variety of kills: 59 monsters ( 15.49%) (11805 points) Turncount: 5983 turns (-1619 points) Survival: died (score multiplied by 80%) Total score: 45744 Latest messages: You duck some of the blast. The dagger hits the shocking sphere. You feel threatened. The warhorse kicks! The warhorse bites! The warhorse kicks! The warhorse bites! The warhorse kicks! The warhorse bites! The warhorse kicks! The warhorse bites! The warhorse kicks! The warhorse bites! The warhorse kicks! The warhorse bites! The warhorse kicks! The warhorse bites! The warhorse kicks! You die... Final status: Goodbye nyob the Barbarian, killed by a warhorse, while frozen by a spellbook... You died in The Gnomish Mines on dungeon level 11 with 45744 points, and 324 pieces of gold, after 5983 moves. You were level 9 with a maximum of 99 hit points when you died.